Map: Omicron

Players

Emperor

  • Race: Protoss Protoss
  • Spawn Location: 3:00

Roma

  • Race: Protoss Protoss
  • Spawn Location: 9:00

Joker

  • Race: Terran Terran
  • Spawn Location: 1:00

gummybearsOP

  • Race: Terran Terran
  • Spawn Location: 7:00

VOD

Have the link to the VOD?

Description

Time

  • Played on: March 31, 2016, 2:42 a.m.
  • Length: 30:02
Show
View Real Time Build Order
Export as new Build Order

Emperor Protoss 

Build Orders:  

Get SALT Encoding   

  12  0:01  Probe (Chrono Boost)  
  13  0:12  Probe (Chrono Boost)  
  14  0:20  Pylon  
  14  0:22  Probe (Chrono Boost)  
  15  0:39  Probe (Chrono Boost)  
  16  0:44  Gateway  
  16  0:50  Probe (Chrono Boost)  
  17  1:01  Probe (Chrono Boost)  
  18  1:07  Assimilator  
  19  1:11  Probe (Chrono Boost)  
  19  1:12  Forge  
  19  1:22  Probe (Chrono Boost)  
  20  1:31  Cybernetics Core  
  20  1:32  Probe (Chrono Boost)  
  21  1:43  Probe (Chrono Boost)  
  21  1:46  Pylon  
  22  1:48  Assimilator  
  22  2:08  Warp Gate  
  22  2:09  Pylon  
  22  2:12  Pylon  
  22  2:21  Zealot  
  24  2:45  Pylon  
  24  2:48  Zealot  
  26  2:56  Photon Cannon  
  26  2:58  Photon Cannon  
  26  3:05  Photon Cannon  
  26  3:15  Zealot  
  26  3:19  Gateway  
  26  3:42  Zealot  
  26  4:05  Gateway  
  26  4:08  Gateway  
  26  4:09  Zealot  
  28  4:15  Stalker  
  30  4:20  Protoss Ground Weapons Level 1  
  30  4:36  Zealot  
  32  4:39  Stalker  
  34  4:56  Stargate  
  34  5:02  Robotics Facility  
  34  5:03  Zealot  
  36  5:14  Stalker  
  34  5:30  Zealot  
  34  5:37  Stalker x3  
  36  6:17  Nexus  
  36  6:31  Observer  
  37  6:33  Stalker x3  
  37  6:37  Protoss Ground Armor Level 1  
  43  6:45  Probe (Chrono Boost)  
  44  6:55  Probe (Chrono Boost)  
  45  7:06  Probe (Chrono Boost)  
  46  7:16  Probe (Chrono Boost)  
  46  7:17  Immortal  
  51  7:27  Probe (Chrono Boost), Forge  
  52  7:56  Probe (Chrono Boost)  
  53  8:07  Probe (Chrono Boost)  
  54  8:12  Stalker  
  54  8:16  Stalker  
  54  8:18  Probe (Chrono Boost)  
  59  8:22  Nexus  
  59  8:28  Probe (Chrono Boost)  
  59  8:34  Void Ray  
  64  8:39  Probe (Chrono Boost)  
  65  8:49  Probe (Chrono Boost)  
  66  9:00  Probe (Chrono Boost)  
  66  9:01  Assimilator  
  67  9:06  Assimilator  
  67  9:10  Probe (Chrono Boost)  
  67  9:14  Stalker  
  70  9:25  Pylon  
  70  9:27  Pylon  
  70  9:32  Pylon  
  70  9:33  Probe (Chrono Boost)  
  71  9:44  Probe (Chrono Boost)  
  72  10:47  Probe (Chrono Boost)  
  73  10:51  Probe (Chrono Boost)  
  73  10:53  Stalker  
  73  10:54  Stalker x3  
  82  10:57  Protoss Shields Level 1 (Chrono Boost)  
  82  10:58  Probe (Chrono Boost)  
  82  11:01  Probe (Chrono Boost)  
  84  11:08  Probe (Chrono Boost)  
  85  11:12  Probe (Chrono Boost)  
  86  11:19  Probe (Chrono Boost)  
  86  11:20  Twilight Council  
  86  11:21  Fleet Beacon  
  86  11:23  Probe (Chrono Boost), Robotics Bay  
  88  11:27  Immortal  
  88  11:29  Probe (Chrono Boost)  
  93  11:33  Probe (Chrono Boost), Stalker x4  
  102  11:40  Pylon  
  102  11:42  Pylon  
  102  11:46  Probe (Chrono Boost)  
  103  11:57  Probe (Chrono Boost)  
  104  12:06  Immortal  
  108  12:16  Stalker x2  
  108  12:17  Stalker x2  
  108  12:20  Protoss Ground Weapons Level 2 (Chrono Boost)  
  116  12:40  Gateway  
  116  12:41  Gateway  
  116  12:43  Probe, Gateway  
  116  12:45  Gateway, Immortal  
  116  12:47  Gateway  
  116  12:49  Gateway  
  116  12:50  Protoss Ground Armor Level 2 (Chrono Boost)  
  121  12:52  Gateway  
  121  12:53  Assimilator  
  121  12:54  Probe  
  121  12:55  Assimilator  
  122  13:04  Probe  
  123  13:15  Probe  
  124  13:25  Protoss Air Weapons Level 1  
  124  13:26  Probe  
  125  13:37  Pylon  
  125  13:39  Pylon  
  125  13:43  Pylon  
  125  13:54  Probe  
  130  13:55  Immortal  
  130  14:04  Probe  
  131  14:15  Probe  
  132  14:21  Protoss Shields Level 2 (Chrono Boost)  
  132  14:23  Void Ray  
  136  14:35  Probe, Immortal  
  141  14:45  Probe  
  141  14:49  Nexus  
  141  14:52  Protoss Ground Weapons Level 3 (Chrono Boost)  
  142  14:57  Assimilator  
  142  15:02  Assimilator  
  142  15:06  Void Ray  
  146  15:19  Pylon  
  146  15:23  Pylon  
  146  15:31  Pylon  
  146  15:33  Pylon  
  146  15:35  Pylon  
  146  15:37  Colossus, Pylon  
  146  15:38  Pylon  
  152  15:49  Void Ray  
  155  16:29  Protoss Ground Armor Level 3 (Chrono Boost), Protoss Air Armor Level 1  
  155  16:30  Colossus  
  155  16:32  Void Ray  
  165  17:02  Assimilator  
  165  17:09  Protoss Shields Level 3 (Chrono Boost)  
  165  17:15  Carrier  
  169  17:24  Colossus  
  175  17:57  Nexus  
  175  17:59  Assimilator  
  175  18:02  Stalker  
  175  18:03  Stalker x6  
  175  18:04  Stalker x3  
  199  18:23  Colossus  
  199  18:46  Protoss Air Weapons Level 2 (Chrono Boost)  
  199  18:59  Graviton Catapult  
  199  19:01  Extended Thermal Lance  
  179  20:06  Stalker x5  
  189  20:07  Stalker x4  
  189  20:08  Stalker  
  199  20:59  Protoss Air Armor Level 2 (Chrono Boost)  
  199  21:01  Pylon  
  192  21:05  Pylon  
  192  21:16  Pylon  
  192  21:19  Pylon  
  192  21:25  Pylon  
  192  21:44  Stalker x4  
  200  21:55  Pylon  
  200  22:01  Pylon  
  200  22:05  Pylon  
  200  22:09  Pylon  
  200  22:14  Pylon  
  200  22:21  Pylon  
  200  22:25  Pylon  
  176  23:20  Disruptor  
  179  23:41  Stalker  
  181  23:55  Blink  
  181  23:56  Disruptor  
  184  24:32  Disruptor  
  168  25:07  Disruptor  
  171  25:43  Disruptor  
  168  26:28  Stalker  
  168  26:29  Stalker x6  
  168  26:30  Stalker x3  
  188  26:53  Stalker x2  
  188  26:54  Stalker x4  
  194  28:13  Stalker  
  194  28:14  Stalker x2  
  196  28:57  Stalker x3  
  196  28:59  Stalker x3  
  155  29:14  Stalker x4  
  84  29:53  Stalker x3  
Show
View Real Time Build Order
Export as new Build Order

Roma Protoss 

Build Orders:  

Get SALT Encoding   

  12  0:06  Probe (Chrono Boost)  
  13  0:16  Assimilator  
  13  0:19  Assimilator  
  13  0:30  Pylon  
  13  0:35  Probe (Chrono Boost)  
  14  0:45  Probe (Chrono Boost)  
  15  0:52  Gateway  
  15  1:06  Probe (Chrono Boost)  
  16  1:16  Probe (Chrono Boost)  
  17  1:21  Forge  
  17  1:27  Probe (Chrono Boost)  
  18  1:37  Probe (Chrono Boost)  
  19  1:43  Gateway  
  19  1:56  Pylon  
  19  2:05  Cybernetics Core  
  19  2:13  Probe (Chrono Boost)  
  20  2:19  Gateway  
  20  2:23  Probe (Chrono Boost)  
  20  2:25  Photon Cannon  
  21  2:37  Protoss Ground Weapons Level 1  
  21  2:42  Warp Gate  
  21  2:48  Probe (Chrono Boost)  
  23  2:58  Probe (Chrono Boost)  
  23  3:10  Twilight Council  
  23  3:21  Photon Cannon  
  23  3:27  Pylon  
  23  3:52  Photon Cannon  
  23  4:00  Photon Cannon  
  23  4:02  Photon Cannon  
  23  4:06  Photon Cannon  
  23  4:14  Dark Shrine  
  23  4:19  Gateway  
  23  4:24  Probe (Chrono Boost)  
  24  4:31  Protoss Ground Armor Level 1  
  24  4:32  Photon Cannon  
  24  4:45  Gateway  
  24  4:59  Gateway  
  24  5:02  Gateway  
  24  5:09  Photon Cannon  
  24  5:48  Pylon  
  23  5:58  Blink  
  23  6:18  Photon Cannon  
  23  6:33  Nexus  
  23  6:37  Dark Templar  
  23  6:38  Dark Templar  
  23  6:39  Dark Templar  
  29  6:55  Pylon  
  29  7:06  Pylon  
  29  7:37  Sentry  
  29  7:39  Sentry  
  33  8:04  Robotics Facility  
  33  8:09  Photon Cannon  
  33  8:15  Photon Cannon  
  33  8:20  Stalker  
  33  8:21  Stalker  
  33  8:22  Stalker  
  39  8:40  Stargate  
  39  8:52  Probe (Chrono Boost)  
  40  8:58  Stalker  
  40  8:59  Stalker x2  
  46  9:03  Probe (Chrono Boost)  
  47  9:13  Probe (Chrono Boost), Robotics Bay  
  49  9:24  Probe (Chrono Boost)  
  49  9:28  Protoss Ground Weapons Level 2  
  49  9:34  Probe (Chrono Boost)  
  50  9:57  Fleet Beacon  
  50  10:23  Assimilator  
  50  10:24  Assimilator  
  50  10:27  Probe (Chrono Boost)  
  51  10:36  Photon Cannon  
  51  10:37  Photon Cannon  
  51  10:38  Probe (Chrono Boost)  
  51  10:41  Photon Cannon  
  52  10:44  Photon Cannon  
  52  10:48  Probe (Chrono Boost)  
  53  10:59  Probe (Chrono Boost)  
  53  11:01  Stalker  
  53  11:02  Stalker  
  53  11:03  Stalker  
  60  11:21  Probe (Chrono Boost)  
  61  11:31  Probe (Chrono Boost)  
  62  11:44  Protoss Ground Armor Level 2, Robotics Facility  
  62  11:54  Pylon  
  62  12:17  Sentry  
  62  12:18  Sentry  
  66  12:28  Stalker  
  68  12:39  Nexus  
  68  12:50  Pylon  
  68  13:07  Colossus  
  68  13:10  Photon Cannon  
  74  13:20  Photon Cannon  
  74  13:23  Photon Cannon  
  74  13:24  Photon Cannon  
  74  13:27  Photon Cannon  
  74  14:01  Colossus  
  80  14:08  Probe (Chrono Boost)  
  81  14:19  Probe (Chrono Boost)  
  82  14:27  Colossus  
  82  14:29  Probe (Chrono Boost)  
  89  14:34  Stalker  
  89  14:35  Stalker  
  93  15:20  Gateway  
  93  15:30  Protoss Ground Weapons Level 3  
  93  15:35  Protoss Air Armor Level 1  
  93  15:58  Pylon  
  93  16:15  Colossus  
  93  16:16  Probe (Chrono Boost)  
  100  16:22  Assimilator  
  100  16:50  Photon Cannon  
  100  17:29  Protoss Air Weapons Level 1  
  100  17:39  Pylon  
  100  17:44  Pylon  
  100  18:07  Protoss Ground Armor Level 3  
  100  18:22  Phoenix  
  102  18:47  Phoenix  
  104  19:10  Nexus  
  104  19:12  Phoenix  
  106  19:37  Phoenix  
  108  19:51  Probe (Chrono Boost)  
  109  19:57  Stalker x3  
  109  19:58  Stalker  
  117  20:21  Probe (Chrono Boost), Tempest, Pylon  
  117  20:28  Immortal  
  126  20:29  Immortal  
  126  20:32  Probe (Chrono Boost)  
  129  20:38  Pylon  
  128  20:48  Probe (Chrono Boost)  
  124  20:57  Mothership Core (Chrono Boost)  
  124  20:58  Probe (Chrono Boost)  
  124  20:59  Stalker  
  124  21:01  Stalker  
  124  21:03  Sentry  
  131  21:04  Sentry  
  133  21:19  Assimilator  
  123  21:46  Photon Cannon  
  123  21:48  Photon Cannon  
  123  21:57  Photon Cannon  
  123  22:00  Photon Cannon  
  123  22:05  Photon Cannon  
  119  22:31  Photon Cannon  
  117  22:52  Pylon  
  117  22:57  Pylon  
  117  23:00  Pylon  
  117  23:04  Pylon  
  117  23:06  Pylon  
  117  23:10  Pylon  
  117  23:22  Tempest, Immortal  
  117  23:24  Pylon  
  117  23:25  Immortal  
  129  23:28  Dark Templar x2  
  133  24:01  Immortal  
  132  24:04  Immortal  
  134  24:20  Phoenix  
  136  24:30  Pylon  
  135  24:34  Pylon  
  134  24:40  Pylon  
  134  24:45  Phoenix  
  136  24:55  Pylon  
  136  25:03  Pylon  
  136  25:07  Dark Templar  
  138  25:10  Phoenix  
  138  25:11  Stalker x2  
  144  25:35  Phoenix  
  150  25:42  Immortal  
  150  25:59  Zealot x3  
  150  26:00  Phoenix  
  158  26:25  Tempest  
  162  27:35  Sentry x2  
Show
View Real Time Build Order
Export as new Build Order

Joker Terran 

Build Orders: MMM Bio 

Get SALT Encoding   

  12  0:02  SCV  
  14  0:14  SCV  
  14  0:19  Supply Depot  
  14  0:26  SCV  
  15  0:45  Barracks  
  15  0:46  SCV  
  16  0:54  Supply Depot  
  16  0:58  SCV  
  17  1:11  SCV  
  18  1:21  Engineering Bay  
  18  1:25  SCV, Refinery  
  19  1:30  Supply Depot  
  19  1:37  SCV  
  19  1:38  Barracks  
  20  1:49  SCV  
  20  1:52  Marine  
  22  2:01  SCV  
  22  2:03  Supply Depot  
  23  2:10  Marine  
  24  2:18  Orbital Command  
  24  2:27  Marine  
  25  2:30  Barracks  
  25  2:41  Marine  
  26  2:45  Marine, Supply Depot  
  27  2:54  Terran Infantry Weapons Level 1  
  27  3:03  Marine  
  28  3:08  Barracks Reactor  
  26  3:43  Marine  
  26  3:46  Barracks Tech Lab  
  27  3:55  Barracks  
  27  3:59  Supply Depot  
  27  4:01  Marine  
  27  4:02  Marine x2  
  28  4:05  Combat Shields  
  30  4:13  SCV  
  30  4:14  Refinery  
  31  4:18  Marine  
  31  4:20  Marine x2  
  34  4:25  SCV  
  35  4:36  Marine, Missile Turret  
  35  4:38  Marine x2  
  36  4:43  Marauder  
  40  4:53  Barracks Reactor  
  40  4:54  Marine  
  40  4:56  Marine  
  40  4:57  Missile Turret  
  42  5:04  SCV, Marauder  
  45  5:12  Marine  
  46  5:25  Stimpack  
  46  5:26  Marauder  
  38  5:56  Barracks Reactor  
  38  6:05  Marine x2  
  38  6:06  Marine x2  
  38  6:09  Marauder  
  44  6:13  Terran Infantry Armor Level 1  
  44  6:23  Marine x3  
  44  6:24  Marine  
  48  6:30  Factory  
  48  6:31  Marauder  
  50  6:41  Marine x4  
  50  6:43  Marine  
  50  6:44  Marine  
  56  6:52  Marauder  
  56  6:54  Command Center  
  58  6:59  Marine x4  
  62  7:01  Marine  
  63  7:16  Armory  
  63  7:26  Concussive Shells  
  63  7:30  Supply Depot  
  63  7:33  Supply Depot  
  63  7:35  Supply Depot  
  63  7:45  Factory Reactor  
  63  7:52  Marauder, Command Center  
  65  8:05  Starport  
  65  8:06  SCV  
  66  8:13  Marauder  
  66  8:16  Supply Depot  
  66  8:18  SCV  
  69  8:29  Terran Infantry Weapons Level 2  
  69  8:30  SCV  
  70  8:39  Supply Depot  
  70  8:42  SCV  
  71  8:49  Starport Reactor  
  71  8:52  Terran Vehicle And Ship Armor Level 1  
  71  8:55  SCV  
  72  9:02  Factory  
  72  9:07  SCV  
  73  9:12  Marine  
  73  9:13  Marine x4  
  78  9:19  SCV  
  78  9:23  SCV  
  80  9:35  SCV  
  81  9:39  Medivac x2  
  85  9:47  SCV  
  87  10:00  SCV  
  87  10:05  Marine x3  
  87  10:06  Marine x3  
  93  10:09  Medivac  
  95  10:16  SCV  
  96  10:23  Marine x5  
  96  10:24  Marine  
  102  10:28  SCV  
  102  10:33  Factory Tech Lab  
  103  10:41  Fusion Core, Marine  
  104  10:44  Terran Infantry Armor Level 2  
  104  10:51  Planetary Fortress  
  104  10:53  Orbital Command  
  104  10:59  Marine x2  
  104  11:00  Marine x4  
  110  11:17  Marine x3  
  110  11:18  Marine x2  
  115  11:28  Marauder  
  117  11:38  SCV  
  118  11:40  Refinery  
  118  11:42  Refinery  
  118  11:44  Refinery  
  118  11:49  Marauder  
  118  11:50  SCV  
  118  11:53  Refinery  
  121  12:02  SCV  
  122  12:10  Marauder  
  124  12:23  SCV  
  125  12:32  Marauder  
  125  12:35  SCV  
  128  12:47  SCV  
  129  12:51  Sensor Tower  
  129  12:53  Marauder  
  131  12:59  SCV  
  132  13:11  SCV  
  133  13:21  Sensor Tower  
  133  14:07  Command Center  
  133  14:21  Supply Depot  
  133  14:36  Starport  
  133  14:37  Weapon Refit  
  133  14:39  Terran Vehicle Weapons Level 1  
  133  14:43  Thor, Marauder  
  133  14:44  Supply Depot  
  140  15:05  Terran Infantry Weapons Level 3  
  140  15:06  Marauder  
  142  15:08  Supply Depot  
  142  15:17  Refinery  
  142  15:20  Behemoth Reactor, SCV  
  143  15:21  Refinery  
  143  15:25  Thor  
  143  15:27  Marauder  
  151  15:30  Supply Depot  
  151  15:32  SCV  
  152  15:44  SCV  
  152  15:49  Marauder  
  155  15:50  Starport Tech Lab  
  155  15:53  Supply Depot  
  155  15:56  SCV  
  155  16:08  SCV, Thor  
  155  16:10  Marauder  
  164  16:15  Supply Depot  
  164  16:20  SCV  
  165  16:32  SCV  
  165  16:33  Terran Ship Weapons Level 1  
  165  16:46  Viking  
  142  16:47  Viking  
  167  16:51  Thor  
  175  16:56  Battlecruiser  
  181  17:16  Viking  
  181  17:17  Medivac  
  191  17:43  Terran Infantry Armor Level 3  
  191  17:46  Medivac  
  193  18:00  Cyclone  
  193  18:01  Battlecruiser  
  196  18:12  Supply Depot  
  199  18:34  Cyclone, Supply Depot  
  199  19:12  Marine  
  200  21:35  Orbital Command  
  200  21:56  Command Center  
  200  21:57  Command Center  
  200  21:59  Command Center  
  200  22:00  Command Center  
  200  22:03  Command Center  
  200  22:12  Ghost Academy  
  200  23:12  Sensor Tower  
  200  23:31  Orbital Command  
  200  23:33  Orbital Command  
  200  23:34  Orbital Command x2  
  200  23:35  Orbital Command  
  200  23:42  Sensor Tower  
  200  24:09  Sensor Tower  
  200  24:36  Sensor Tower  
  194  25:01  Sensor Tower  
  190  25:35  Sensor Tower  
  190  26:12  Sensor Tower  
  174  28:06  Marine  
  174  28:07  Marine x6  
  181  28:24  Marine x2  
  181  28:25  Marine x5  
  188  28:42  Marine x4  
  188  28:43  Marine  
Show
View Real Time Build Order
Export as new Build Order

gummybearsOP Terran 

Build Orders: Mech 

Get SALT Encoding   

  12  0:02  SCV  
  13  0:18  SCV  
  14  0:21  Refinery  
  14  0:30  SCV  
  15  0:50  Supply Depot  
  15  1:03  Engineering Bay  
  15  1:12  SCV  
  15  1:16  Supply Depot  
  15  1:18  Barracks  
  16  1:24  SCV  
  17  1:36  SCV  
  17  1:38  Refinery  
  18  1:45  Supply Depot  
  18  1:48  SCV  
  19  2:00  SCV  
  20  2:09  Barracks Tech Lab  
  20  2:13  SCV  
  21  2:22  Barracks  
  21  2:25  SCV  
  22  2:31  Marine  
  24  2:37  SCV  
  24  2:44  Factory  
  24  2:49  SCV  
  25  2:51  Combat Shields  
  25  2:54  Marine  
  26  3:04  Terran Infantry Weapons Level 1  
  26  3:12  Marine  
  27  3:30  Marine  
  26  3:42  Marine  
  26  3:48  Marine  
  27  4:00  Marine  
  28  4:02  Factory  
  28  4:06  Marine  
  29  4:12  Command Center  
  29  4:27  Reaper  
  29  4:28  Reaper  
  31  4:38  Orbital Command  
  31  4:47  Factory  
  33  4:53  Hellion  
  33  4:59  Reaper  
  34  5:00  Reaper  
  36  5:14  Hellion  
  36  5:31  Reaper  
  25  5:58  Barracks  
  25  6:02  Factory  
  24  6:20  Terran Infantry Armor Level 1  
  24  6:24  Armory  
  24  6:32  SCV  
  25  6:44  SCV  
  26  6:47  Barracks  
  26  6:52  Command Center  
  26  6:53  Factory  
  26  6:56  SCV  
  26  6:57  Factory Tech Lab  
  27  7:08  SCV  
  27  7:14  Terran Vehicle Weapons Level 1  
  28  7:20  SCV  
  28  7:21  Starport  
  29  7:26  Infernal Pre-Igniter  
  29  7:28  Siege Tank  
  32  7:39  SCV  
  32  7:41  Hellion  
  32  7:42  Hellion  
  37  7:51  SCV  
  38  7:59  Starport  
  38  8:00  Medivac  
  38  8:03  SCV  
  41  8:13  Refinery  
  41  8:15  SCV  
  42  8:27  SCV  
  42  8:30  Medivac  
  45  8:34  Hellion  
  45  8:35  Hellion x4  
  45  8:39  SCV  
  45  8:41  Liberator  
  56  8:52  SCV  
  57  8:56  Hellion  
  62  9:18  SCV  
  62  9:23  Liberator  
  63  9:25  Marine  
  63  9:26  Marine  
  63  9:30  SCV  
  66  9:33  Supply Depot  
  66  9:35  Supply Depot  
  66  9:36  Supply Depot  
  69  9:55  SCV, Marine x2  
  69  9:56  SCV  
  73  10:00  Supply Depot  
  73  10:01  Supply Depot  
  73  10:04  Factory Tech Lab  
  73  10:08  SCV  
  73  10:13  Marine x2  
  76  10:20  SCV  
  73  10:21  Liberator  
  73  10:24  Command Center  
  73  10:29  Siege Tank  
  73  10:30  Marine x2  
  73  10:32  SCV  
  82  10:44  SCV  
  82  10:48  Marine x2  
  85  11:01  Siege Tank  
  88  11:04  Liberator  
  88  11:08  Siege Tank  
  91  11:20  Terran Vehicle Weapons Level 2  
  94  11:35  Widow Mine  
  96  11:40  Siege Tank  
  96  11:42  Supply Depot  
  96  11:44  Supply Depot  
  99  11:50  SCV  
  99  11:51  Refinery  
  100  12:02  SCV  
  100  12:03  Widow Mine  
  100  12:06  Supply Depot  
  100  12:08  Supply Depot  
  103  12:14  SCV  
  104  12:32  Widow Mine  
  104  12:35  Starport Tech Lab  
  104  12:36  Starport Tech Lab  
  106  12:56  Factory  
  106  12:59  SCV  
  106  13:00  Starport, Widow Mine  
  106  13:05  Fusion Core  
  109  13:11  SCV  
  110  13:23  SCV  
  111  13:29  Widow Mine  
  113  13:35  SCV  
  114  13:47  SCV  
  115  14:09  SCV  
  116  14:12  Refinery  
  116  14:14  Hellion  
  116  14:15  Hellion  
  120  14:20  Factory Tech Lab  
  120  14:21  SCV  
  120  14:23  Medivac  
  123  14:33  SCV  
  123  14:36  Hellion x2  
  128  14:53  Medivac  
  128  14:57  Hellion x2  
  134  15:18  Hellion  
  134  15:19  Hellion  
  138  15:25  Advanced Ballistics  
  138  15:27  Hyperflight Rotors  
  138  15:32  Drilling Claws  
  138  15:36  Starport Tech Lab  
  138  15:40  Hellion x2  
  142  16:20  Command Center  
  142  16:38  Siege Tank  
  145  16:49  Marine x2  
  147  17:06  Marine  
  147  17:07  Marine  
  149  17:24  Marine  
  149  17:25  Marine  
  139  17:42  Marine x2  
  140  18:00  Refinery, Marine x2  
  140  18:02  Refinery  
  142  18:48  Fusion Core  
  142  18:51  Terran Ship Weapons Level 1  
  140  19:52  Marine  
  135  19:53  Marine  
  136  20:00  Barracks  
  136  20:03  Barracks  
  136  20:10  Marine x2  
  138  20:28  Marine x2  
  146  20:35  Battlecruiser  
  146  20:41  Battlecruiser  
  152  20:46  Marine x2  
  152  20:49  Barracks  
  154  20:52  Starport x2  
  154  20:57  Barracks  
  154  21:03  Marine  
  155  21:04  Marine  
  156  21:12  Siege Tank  
  159  21:22  Marine  
  159  21:23  Marine x3  
  169  21:40  Battlecruiser, Marine  
  169  21:41  Marine x3  
  173  21:54  Barracks  
  173  21:55  Barracks  
  173  21:57  Barracks x2  
  173  21:59  Barracks x2  
  173  22:01  Barracks  
  173  22:03  Barracks  
  173  22:05  Barracks  
  173  22:06  Barracks x2  
  173  22:29  Planetary Fortress  
  173  22:36  Command Center  
  173  22:57  Battlecruiser, Marine x4  
  173  22:58  Battlecruiser, Siege Tank  
  192  23:03  Marine  
  192  23:04  Marine x7  
  200  23:15  Marine x3  
  193  24:02  Battlecruiser  
  193  25:06  Battlecruiser  
  199  25:29  SCV  
  200  25:52  Sensor Tower  
  175  27:35  Marine  
  175  27:36  Marine x10  
  186  27:53  Marine  
  186  27:54  Marine x10  
  191  28:11  Marine  
  191  28:12  Marine x8  
  161  29:00  Marine  
  161  29:01  Marine x6  
  94  29:18  Marine  
  94  29:19  Marine x6  
  31  29:36  Marine  
  31  29:37  Marine x6  
Tags
 
Add a new tag
Caveats
  • Supply blocks, unpowered buildings, or Contaminate may cause inaccurate times.
  • Supply counts are checked every 10 seconds.